 Dungeon Crawl Stone Soup version 0.30-a0-956-gcec3b41aec (webtiles) character file.

Game seed: 18020085772966153222

665 OrthodoxDeviant the Trooper (level 7, -8/61 HPs)
             Began as a Barachi Fighter on Mar 29, 2023.
             Mangled by a troll (11 damage)
             ... on level 5 of the Dungeon.
             The game lasted 00:17:03 (4716 turns).

OrthodoxDeviant the Trooper (Barachi Fighter)       Turns: 4716, Time: 00:17:03

Health: -8/61      AC: 17    Str: 17    XL:     7   Next: 57%
Magic:  7/7        EV:  4    Int:  9    God:
Gold:   270        SH:  4    Dex: 13    Spells: 6/6 levels left

rFire   . . .      SeeInvis +    a - +0 long sword
rCold   . . .      Faith    .    c - +0 buckler
rNeg    . . .      Spirit   .    d - +0 plate armour
rPois   .          Reflect  .    (no helmet)
rElec   .          Rampage  .    s - +0 cloak
rCorr   .                        w - +0 pair of gloves
Will    .....                    (no boots) Stlth
                                 (no amulet)
HPRegen 0.30/turn                m - +4 ring of protection
MPRegen 0.10/turn                q - ring of see invisible

@: about to teleport, unable to hop, slow
A: amphibious, slowness 1, strong legs 1, +LOS
a: Hop


You were on level 5 of the Dungeon.
You visited 1 branch of the dungeon, and saw 5 of its levels.

You collected 270 gold pieces.

Inventory:

Hand Weapons
 a - a +0 long sword (weapon)
Armour
 b - a +0 scale mail
 c - a +0 buckler (worn)
 d - a +0 plate armour (worn)
 s - a +0 cloak (worn)
 w - a +0 pair of gloves (worn)
Jewellery
 h - a ring of ice
 m - a +4 ring of protection (left hand)
 q - a ring of see invisible (right hand)
 u - the amulet "Duptadew" {Acrobat rElec rC- rCorr Dex-4}
   (You found it on level 3 of the Dungeon)

   [amulet of the acrobat]

   It increases your evasion while moving and waiting.
   Dex:       It affects your dexterity (-4).
   rC:        It makes you vulnerable to cold.
   rElec:     It insulates you from electricity.
   rCorr:     It protects you from acid and corrosion.
 z - a ring of magical power
Wands
 k - a wand of mindburst (23)
Scrolls
 e - a scroll of vulnerability
 f - 2 scrolls of enchant weapon
 i - a scroll of amnesia
 n - 3 scrolls of magic mapping
 p - a scroll of noise
Potions
 g - a potion of flight
 j - 3 potions of curing
 l - 2 potions of brilliance
 r - a potion of resistance {unknown}
 t - 3 potions of degeneration
 v - 2 potions of heal wounds
 x - a potion of cancellation


   Skills:
 + Level 7.7 Fighting
 + Level 7.2 Long Blades
 - Level 3.6 Armour
 - Level 3.2 Shields


You had 6 spell levels left.
You didn't know any spells.
Your spell library contained the following spells:

 Spells                   Type           Power      Damage    Failure   Level
 Dazzling Flash           Conj/Hex       0%         N/A       100%        3
 Inner Flame              Hex/Fire       0%         N/A       100%        3
 Portal Projectile        Hex/Tloc       0%         N/A       100%        3
 Agony                    Necr           0%         N/A       100%        5
 Fireball                 Conj/Fire      0%         3d3       100%        5
 Silence                  Hex/Air        0%         N/A       100%        5


Dungeon Overview and Level Annotations

Branches:
Dungeon (5/15)
 Temple: D:4-7

Altars:
Hepliaklqana

Annotations:
D:3 3 runed translucent doors, dufus's ghost, amateur GnMo
D:5 exclusion: 2 doors


Innate Abilities, Weirdness & Mutations

You are amphibious.
You cover ground slowly.
You can hop short distances.
You have an extended range of vision and can be seen from far away.


Message History

You now have 253 gold pieces (gained 11).
You now have 270 gold pieces (gained 17).
z - a ring of magical power
f - 2 scrolls of enchant weapon (gained 1)
A troll is nearby!
The troll shouts!
As you read the scroll of identify, it crumbles to dust.
i - a scroll of amnesia
As you read the scroll of identify, it crumbles to dust.
g - a potion of flight
As you read the scroll of identify, it crumbles to dust.
x - a potion of cancellation
Okay, then.
Okay, then.
Hop to where?
Press: ? - help, Dir - move target Boing!
You barely miss the troll. The troll bites you.
The troll claws you but does no damage. The troll claws you.
You hit the troll but do no damage. The troll bites you.
You block the troll's attack. The troll claws you!
You hit the troll.
The troll is lightly wounded.
The troll barely misses you. The troll claws you but does no damage.
The troll claws you.
You barely miss the troll.
The troll is lightly wounded.
The troll bites you. The troll claws you.
The troll claws you but does no damage.
You hit the troll.
The troll is lightly wounded.
The troll bites you. The troll claws you! The troll claws you.
* * * LOW HITPOINT WARNING * * *
The troll bites you!
* * * LOW HITPOINT WARNING * * *
The troll claws you but does no damage. The troll claws you.
* * * LOW HITPOINT WARNING * * *
As you read the scroll of teleportation, it crumbles to dust.
You feel strangely unstable. You block the troll's attack. The troll claws you!
You die...

####### ##.....##
##.......##
######.........#
................#
########........#
######........#
###.............#######
..).....[.......@..<..#
###............T#####.###
######........# #...####
# #.[......# ###....### .
..........## ####...####
. ###.........# ###.....
. ##.....##.# #####. .
########.# ## . #.# #


You could see a troll.

Vanquished Creatures
  An ogre (D:5)
  2 scorpions
  A howler monkey (D:5)
  3 hounds
  Crazy Yiuf (D:2)
  A sleepcap (D:5)
  2 orc wizards (D:5)
  2 iguanas
  7 adders
  4 worms
  7 dart slugs
  6 orcs
  6 ball pythons
  6 bats
  5 endoplasms
  5 giant cockroaches
  4 goblins
  4 hobgoblins
  8 jackals
  3 quokkas
  5 frilled lizards
  6 kobolds
  5 rats
94 creatures vanquished.

Notes
Turn   | Place    | Note
-------+----------+-------------------------------------------
     0 | D:1      | OrthodoxDeviant the Barachi Fighter began the quest for the
                  | Orb.
     0 | D:1      | Reached XP level 1. HP: 18/18 MP: 1/1
   161 | D:1      | Reached XP level 2. HP: 24/25 MP: 2/2
   386 | D:1      | Found a faded altar of an unknown god.
   402 | D:1      | Reached XP level 3. HP: 25/31 MP: 3/3
  1326 | D:2      | Reached XP level 4. HP: 38/38 MP: 4/4
  1753 | D:2      | Found a runed translucent door.
  1754 | D:2      | Noticed Crazy Yiuf
  1836 | D:2      | Killed Crazy Yiuf
  1837 | D:2      | Reached skill level 5 in Fighting
  2059 | D:3      | Reached XP level 5. HP: 40/44 MP: 5/5
  2245 | D:3      | Got the Almanac of Ill-starred Ignition
  2247 | D:3      | Identified the amulet "Duptadew" {Acrobat rElec rC- rCorr
                  | Dex-4}
  2358 | D:3      | Found a runed translucent gate.
  2358 | D:3      | Found a runed translucent gate.
  2358 | D:3      | Found a runed translucent gate.
  2359 | D:3      | Noticed dufus's ghost (amateur GnMo)
  2415 | D:3      | Found a hazy altar of Hepliaklqana.
  3011 | D:4      | Reached skill level 5 in Long Blades
  3049 | D:4      | Reached XP level 6. HP: 35/52 MP: 6/6
  3844 | D:5      | Entered Level 5 of the Dungeon
  4219 | D:5      | Reached XP level 7. HP: 58/60 MP: 7/7
  4324 | D:5      | Noticed a troll
  4715 | D:5      | HP: 3/61 [troll (4)]
  4716 | D:5      | Mangled by a troll

Illustrated notes

Levels and vault maps discovered:
D:1:      dpeg_arrival_short_road, layout_loops_ring,
          ebering_ecumenical_altar_webs
D:2:      layout_loops_ring, uniq_crazy_yiuf_cottage
D:3:      layout_rooms, general_overflow_altar, ebering_ghost_rock_garden,
          nicolae_hexahallways, minmay_diced_spiral
D:4:      layout_loops_cross, st_stairs_7
D:5:      kennysheep_big_flooded_room, layout_rooms, chequers_jeans

Skill      XL: |  1  2  3  4  5  6  7 |
---------------+----------------------+-----
Fighting       | 4 5 6 7 |  7.7
Long Blades    | 3 4 5 6 7 |  7.2
Armour         | |  3.6
Shields        | |  3.2

Action                     |  1- 3 |  4- 6 |  7- 9 || total
---------------------------+-------+-------+-------++-------
  Melee: Long sword        |   145 |   243 |    36 ||   424
Ability: Hop               |       |     1 |     1 ||     2
    Use: Potion            |     1 |     4 |       ||     5
         Scroll            |       |    11 |     6 ||    17
 Armour: Scale mail        |    61 |    57 |       ||   118
         Plate armour      |       |    69 |    21 ||    90
  Dodge: Dodged            |    74 |    83 |     4 ||   161
  Block: Buckler           |    32 |    49 |     7 ||    88

Table legend: (Time is in decaauts)
 A = Elapsed time spent in this place.
 B = Non-inter-level travel time spent in this place.
 C = Inter-level travel time spent in this place.
 D = Time resting spent in this place.
 E = Time spent auto-exploring this place.
 F = Levels seen in this place.
 G = Mean time per level.
                   A        B        C        D        E       F      G
               +--------+--------+--------+--------+--------+-----+--------+
         Total |   5415 |   4751 |    664 |    470 |   3232 |   5 | 1083.0 |
       Dungeon |   5415 |   4751 |    664 |    470 |   3232 |   5 | 1083.0 |
               +--------+--------+--------+--------+--------+-----+--------+

Top non-repeatable levels by time:
     D:4: 1445 daAuts
     D:1: 1265 daAuts
     D:2: 1110 daAuts
     D:3: 966 daAuts
     D:5: 628 daAuts
